 Dungeon Crawl Stone Soup version 0.31-a0-4-gefa6de2278 (webtiles) character file.

Game seed: 13214903394874893165

35 sircluck the Covered (level 3, 0/33 HPs)
             Began as a Minotaur Fighter on May 4, 2023.
             Constricted to death by a ball python (1 damage)
             ... on level 3 of the Dungeon.
             The game lasted 00:01:10 (1213 turns).

sircluck the Covered (Minotaur Fighter)             Turns: 1213, Time: 00:01:11

Health: 0/33       AC:  7    Str: 22    XL:     3   Next: 16%
Magic:  2/2        EV:  6    Int:  5    God:
Gold:   84         SH:  4    Dex:  9    Spells: 2/2 levels left

rFire   . . .        a - +0 war axe
rCold   . . .        c - +0 buckler
rNeg    . . .        b - +0 scale mail
rPois   .            (helmet restricted)
rElec   .            (no cloak)
rCorr   .            (no gloves)
SInv    .            (no boots)
Will    .....        (no amulet) Stlth
                     (no ring)
HPRegen 0.25/turn    (no ring)
MPRegen 0.08/turn

%: no passive effects
@: constricted
A: horns 2, retaliatory headbutt
a: no special abilities


You were on level 3 of the Dungeon.
You visited 1 branch of the dungeon, and saw 3 of its levels.

You collected 84 gold pieces.

Inventory:

Hand Weapons
 a - a +0 war axe (weapon)
Missiles
 k - 11 poisoned darts (quivered)
 l - 11 stones
Armour
 b - a +0 scale mail (worn)
 c - a +0 buckler (worn)
Jewellery
 r - an amulet of magic regeneration
Scrolls
 g - 2 scrolls of teleportation {unknown}
 h - 2 scrolls of enchant weapon {unknown}
 o - a scroll of amnesia {unknown}
 p - a scroll of vulnerability {unknown}
 q - 2 scrolls of identify {unknown}
 u - a scroll of acquirement {unknown}
 v - a scroll of fear {unknown}
 x - a scroll of silence {unknown}
Potions
 d - a potion of might
 e - a potion of invisibility {unknown}
 f - a potion of brilliance {unknown}
 i - a potion of degeneration {unknown}
 j - 2 potions of lignification {unknown}
 m - a potion of berserk rage {unknown}
 n - a potion of mutation {unknown}
 s - a potion of curing {unknown}
 t - a potion of flight {unknown}
 w - 2 potions of heal wounds {unknown}


   Skills:
 + Level 4.0 Fighting
 + Level 2.6 Axes
 + Level 4.2 Armour
 + Level 0.2 Stealth
 + Level 4.2 Shields


You had 2 spell levels left.
You didn't know any spells.
Your spell library was empty.

Dungeon Overview and Level Annotations

Branches:
Dungeon (3/15)

Altars:
Gozag

Shops:
D:1 (

Annotations:
D:3 Grinder


Innate Abilities, Weirdness & Mutations

You have a pair of horns on your head.
You reflexively headbutt those who attack you in melee.


Message History

There are monsters nearby!
Grinder drinks a potion.
Grinder seems to grow stronger.
There are monsters nearby!
Grinder misses you.
A ball python comes into view.
You barely miss Grinder.
The ball python hisses angrily.
You hit the hobgoblin.
You kill the hobgoblin!
Grinder hits you.
You writhe in agony.
Grinder hits you!
You writhe in agony.
You closely miss Grinder. You headbutt Grinder!
Grinder is lightly wounded.
Grinder gestures at you.
You suddenly lose the ability to move!
Grinder blinks!
Grinder gestures at you. Pain shoots through your body!
* * * LOW HITPOINT WARNING * * *
The ball python bites you but does no damage.
The ball python grabs you. The ball python constricts you.
* * * LOW HITPOINT WARNING * * *
You can move again.
You escape the ball python's grasp.
Grinder blinks!
The ball python bites you.
* * * LOW HITPOINT WARNING * * *
The ball python grabs you. The ball python constricts you.
Unknown command.
You escape the ball python's grasp.
Found 5 stones, 11 gold pieces and a book of Spatial Translocations.
Grinder gestures at you. You resist with significant effort.
The ball python closely misses you. The ball python completely misses you.
You see here Great Wizards, Vol.
VII.
The ball python bites you.
* * * LOW HITPOINT WARNING * * *
The ball python grabs you. The ball python constricts you.
You barely miss the ball python. Your headbutt misses the ball python.
The ball python bites you.
* * * LOW HITPOINT WARNING * * *
The ball python constricts you.
You die...

.#####..# .#:$(#..#
.#$[=#..# .#[??#..#
.#####..# ........#
....!...#
.###...@######
.......S:##..####
####.....5......######
#....##...#........##
#....####.#..### ...
#....# #......#....>
#..### ####...#.....
#.# #...#..... #.#
#.....###.


You could see Grinder (strong) and a ball python.

Vanquished Creatures
  An adder (D:2)
  2 dart slugs
  An orc (D:3)
  2 endoplasms
  4 goblins
  2 hobgoblins
  A ball python (D:1)
  2 bats (D:1)
  A frilled lizard (D:1)
  2 kobolds (D:1)
  3 rats
21 creatures vanquished.

Notes
Turn   | Place    | Note
-------+----------+-------------------------------------------
     0 | D:1      | sircluck the Minotaur Fighter began the quest for the Orb.
     0 | D:1      | Reached XP level 1. HP: 19/19 MP: 0/0
    49 | D:1      | You fall into a shaft and drop 1 floor!
    86 | D:2      | Found an opulent altar of Gozag.
   235 | D:2      | Reached XP level 2. HP: 26/27 MP: 1/1
   663 | D:1      | Found Ovvapnipp's Antique Weapon Shop.
  1147 | D:3      | Reached XP level 3. HP: 33/33 MP: 2/2
  1200 | D:3      | Noticed Grinder
  1206 | D:3      | Paralysed by Grinder for 4 turns
  1213 | D:3      | HP: 1/33 [ball python (2)]
  1213 | D:3      | Constricted to death by a ball python

Illustrated notes

Levels and vault maps discovered:
D:1:      minmay_arrival_split_and_join, layout_rooms, serial_shops,
          nicolae_shop_peninsula
D:2:      layout_loops_ring, basic_altar
D:3:      layout_rooms, serial_glass, glass_columns_a, glass_columns_a,
          glass_columns_b, glass_columns_a, glass_columns_a,
          due_unseen_surprise, minmay_strange_pillars, feat_on_display,
          uniq_grinder

Skill      XL: |  1  2  3 |
---------------+----------+-----
Shields        | 4 |  4.2
Armour         | 4 |  4.2
Fighting       | 4 |  4.0
Axes           | |  2.6
Stealth        | |  0.2

Action                     || total
---------------------------++-------
  Melee: War axe           ||    42
         Headbutt          ||     2
 Armour: Scale mail        ||    15
  Dodge: Dodged            ||    22
  Block: Buckler           ||    11

Table legend: (Time is in decaauts)
 A = Elapsed time spent in this place.
 B = Non-inter-level travel time spent in this place.
 C = Inter-level travel time spent in this place.
 D = Time resting spent in this place.
 E = Time spent auto-exploring this place.
 F = Levels seen in this place.
 G = Mean time per level.
                   A        B        C        D        E       F      G
               +--------+--------+--------+--------+--------+-----+--------+
         Total |   1229 |   1139 |     90 |      0 |    980 |   3 |  409.7 |
       Dungeon |   1229 |   1139 |     90 |      0 |    980 |   3 |  409.7 |
               +--------+--------+--------+--------+--------+-----+--------+

Top non-repeatable levels by time:
     D:2: 605 daAuts
     D:1: 552 daAuts
     D:3: 71 daAuts
